 Dungeon Crawl Stone Soup version 0.20.1-1-g8b1a95d (webtiles) character file.

46 jojo4000 the Skirmisher (level 3, -1/29 HPs)
             Began as a Demonspawn Abyssal Knight on July 12, 2017.
             Slain by a crimson imp (2 damage)
             ... on level 1 of the Dungeon.
             The game lasted 00:08:40 (2461 turns).

jojo4000 the Skirmisher (Demonspawn Abyssal Knight) Turns: 2461, Time: 00:08:41

Health: -1/29      AC:  5    Str: 13    XL:     3   Next: 46%
Magic:  0/4        EV: 11    Int: 13    God:
Gold:   83         SH:  0    Dex: 12    Spells: 2/2 levels left

rFire    . . .     SeeInvis .     - Unarmed
rCold    . . .     Gourm    .   (no shield)
rNeg     . . .     Faith    .   a - +0 leather armour
rPois    .         Spirit   +   (no helmet)
rElec    .         Reflect  .   (no cloak)
rCorr    .         Harm     .   (no gloves)
MR       .....                  (no boots)
Stlth    +.........             (no amulet)
Regen    0.1/turn               (no ring)
MPRegen  0.1/turn               (no ring)

@: no status effects
A: iridescent scales 1, magic shield
a: no special abilities


You were on level 1 of the Dungeon.
You were not hungry.

You visited 1 branch of the dungeon, and saw 2 of its levels.
You visited the Abyss 1 time.

You collected 83 gold pieces.

Inventory:

Armour
 a - a +0 leather armour (worn)
Scrolls
 c - a scroll of fear {unknown}
 d - 2 scrolls of identify {unknown}
 g - a scroll of random uselessness {unknown}
 i - a scroll of amnesia {unknown}
 j - a scroll of fog {unknown}
Potions
 f - a potion of brilliance {unknown}
Comestibles
 b - a bread ration
 h - 3 fruits
 k - 2 chunks of flesh


   Skills:
 + Level 3.6 Fighting
 + Level 2.1 Armour
 + Level 1.3 Dodging
 + Level 0.2 Stealth
 + Level 2.2 Unarmed Combat
   Level 2.5 Invocations


You had 2 spell levels left.
You didn't know any spells.

Dungeon Overview and Level Annotations

Branches:
Dungeon (2/15)

Altars:


Innate Abilities, Weirdness & Mutations

You are partially covered in iridescent scales. (AC +2)
When hurt, damage is shared between your health and your magic reserves.


Message History

You barely miss the crimson imp.
The crimson imp is lightly wounded.
The crimson imp hits you but does no damage.
You barely miss the crimson imp.
The crimson imp is lightly wounded.
The crimson imp closely misses you.
You closely miss the crimson imp. The crimson imp hits you.
* * * LOW HITPOINT WARNING * * *
You barely miss the crimson imp. The crimson imp barely misses you.
You miss the crimson imp.
The crimson imp hits you but does no damage.
You completely miss the crimson imp. The crimson imp hits you.
* * * LOW HITPOINT WARNING * * *
You barely miss the crimson imp.
The crimson imp shouts, "Give up, thou impertinent flat-headed surfacer!"
The crimson imp hits you.
* * * LOW HITPOINT WARNING * * *
You closely miss the crimson imp. The crimson imp completely misses you.
You barely miss the crimson imp. The crimson imp hits you.
You die...

####### ##.##...
#.##... #######
####8<8# ##.......
#8.......
##########........
#........#8.......
#@#########.......
#5# #....... #.#
###########'## #.#
#..>......#.#. #.#
#.##...##.#...
#.###.##...)......
#.........###.##..
#####.##.## #.###.
#.##.####.# #.


You could see a crimson imp.

Vanquished Creatures
  2 gnolls (D:1)
  2 dart slugs (D:1)
  2 leopard geckos (D:1)
  3 bats (D:1)
  2 giant cockroaches (D:1)
  4 hobgoblins (D:1)
  A quokka (D:1)
  A goblin (D:1)
  5 kobolds (D:1)
22 creatures vanquished.

Notes
Turn   | Place    | Note
-------+----------+-------------------------------------------
     0 | Abyss:1  | jojo4000 the Demonspawn Abyssal Knight began the quest for the Orb.
     0 | Abyss:1  | Reached XP level 1. HP: 18/18 MP: 2/2
     0 | D:1      | Escaped the Abyss
   751 | D:1      | Gained mutation: You are partially covered in iridescent scales. (AC +2) [demonic ancestry]
   751 | D:1      | Reached XP level 2. HP: 14/24 MP: 3/3
  1103 | D:1      | Reached skill level 1 in Dodging
  1104 | D:1      | Reached * piety under Lugonu
  1271 | D:1      | Fell from the grace of Lugonu
  1975 | D:1      | Gained mutation: When hurt, damage is shared between your health and your magic reserves. [demonic ancestry]
  1975 | D:1      | Reached XP level 3. HP: 17/29 MP: 4/4
  2459 | D:1      | HP: 1/29 [crimson imp (1)]
  2461 | D:1      | Slain by a crimson imp

Skill      XL: |  1  2 |
---------------+-------+-----
Armour         | 2 |  2.1
Unarmed Combat | 2 |  2.2
Dodging        | 1 |  1.3
Fighting       | |  3.6
Stealth        | |  0.2
Invocations    | |  2.5

Action                   || total
-------------------------++-------
Melee: Unarmed           ||   233
       Punch             ||     3
Invok: Depart the Abyss  ||     1
       Renounce Religion ||     1
  Use: Potion            ||     2
  Eat: Chunk             ||     5
Armor: Leather armour    ||    61
Dodge: Dodged            ||   104
